 Dungeon Crawl Stone Soup version 0.31-a0-875-g02e7d12df6 (webtiles) character file.

Game seed: 12193707948809103515

118 pokeman the Magician (level 4, -1/25 HPs)
             Began as a Deep Elf Hedge Wizard on Oct 13, 2023.
             Slain by a cerulean imp
             ... wielding a +0 spear
             ... summoned by Natasha
              (4 damage)
             ... on level 2 of the Dungeon.
             The game lasted 00:03:44 (2262 turns).

pokeman the Magician (Deep Elf Hedge Wizard)        Turns: 2262, Time: 00:03:44

Health: -1/25      AC:  4    Str:  7    XL:     4   Next: 72%
Magic:  2/13       EV: 12    Int: 21    God:
Gold:   52         SH:  0    Dex: 14    Spells: 6/14 levels left

rFire   . . .        a - +0 dagger
rCold   . . .        (no shield)
rNeg    . . .        b - +0 robe
rPois   .            i - +1 hat
rElec   .            (no cloak)
rCorr   .            (no gloves)
SInv    .            e - +0 pair of boots
Will    .....        (no amulet)
Stlth   ++           (no ring)
HPRegen 0.24/turn    (no ring)
MPRegen 0.13/turn

%: no passive effects
@: very slightly contaminated, slowed, very slow
A: no striking features
a: no special abilities


You were on level 2 of the Dungeon.
You visited 1 branch of the dungeon, and saw 2 of its levels.

You collected 52 gold pieces.

Inventory:

Hand Weapons
 a - a +0 dagger (weapon)
Armour
 b - a +0 robe (worn)
 e - a +0 pair of boots (worn)
 i - a +1 hat (worn)
Scrolls
 f - 2 scrolls of identify {unknown}
 g - a scroll of brand weapon {unknown}
 h - a scroll of enchant armour {unknown}
 j - a scroll of fog {unknown}
 l - a scroll of summoning {unknown}
Potions
 c - a potion of cancellation {unknown}
 d - a potion of magic
 k - a potion of ambrosia {unknown}


   Skills:
 - Level 1.0 Fighting
 - Level 1.0 Armour
 + Level 2.7 Dodging
 + Level 2.8 Stealth
 * Level 5.8 Spellcasting
 + Level 2.4 Conjurations
 - Level 1.1 Summonings
 - Level 1.1 Translocations


You had 6 spell levels left.
You knew the following spells:

 Your Spells              Type           Power      Damage    Failure   Level
a - Magic Dart            Conj           64%        1d6       3%          1
b - Mephitic Cloud        Conj/Pois/Air  9%         N/A       22%         3
c - Call Imp              Summ           20%        N/A       10%         2
d - Blink                 Tloc           20%        N/A       10%         2

Your spell library contained the following spells:

 Spells                   Type           Power      Damage    Failure   Level
 Slow                     Hex            24%        N/A       10%         1
 Cigotuvi's Dreadful Rot  Necr/Pois/Air  12%        N/A       16%         2


Dungeon Overview and Level Annotations

Branches:
Dungeon (2/15)

Altars:

Annotations:
D:2 Natasha


Message History

Aim: Natasha (lightly wounded, 100% to hit)
The magic dart hits Natasha but does no damage.
Natasha is lightly wounded.
Natasha stares at you and mumbles some strange words.
You feel as though you will be slow longer.
Natasha claws you!
Casting: Magic Dart (safe; 3% risk of failure)
Confirm with . or Enter, or press ? or * to list all spells.
Aiming: Magic Dart (safe; 3% risk of failure)
Press: ? - help, Shift-Dir - straight line, f/p - Natasha
Aim: Natasha (lightly wounded, 100% to hit)
The magic dart hits Natasha.
Natasha is moderately wounded.
Natasha casts a spell.
Casting: Magic Dart (safe; 3% risk of failure)
Confirm with . or Enter, or press ? or * to list all spells.
Aiming: Magic Dart (safe; 3% risk of failure)
Press: ? - help, Shift-Dir - straight line, f/p - Natasha
Aim: Natasha (moderately wounded, 100% to hit)
The magic dart hits Natasha.
Natasha is heavily wounded.
Natasha claws you!
* * * LOW HITPOINT WARNING * * *
The cerulean imp closely misses you.
Natasha casts a spell.
Casting: Magic Dart (safe; 3% risk of failure)
Confirm with . or Enter, or press ? or * to list all spells.
You don't know that spell.
Casting: Magic Dart (safe; 3% risk of failure)
Confirm with . or Enter, or press ? or * to list all spells.
Aiming: Magic Dart (safe; 3% risk of failure)
Press: ? - help, Shift-Dir - straight line, f/p - Natasha
Aim: Natasha (heavily wounded, 100% to hit)
The magic dart hits Natasha.
Natasha is almost dead.
The cerulean imp misses you. Natasha closely misses you.
The cerulean imp hits you from afar with a +0 spear.
* * * LOW HITPOINT WARNING * * *
The cerulean imp hits you from afar with a +0 spear.
You die...

#.# ##.# #.
###.##.##.#######. #
#..... #)##....#.
#.##.#.#####.##....#† #
#....................
#.#.##.#.#####.#####...
#..) #.#.#####.#####.##
.###..#.#.............##
<......@#.#####...####<.
.###...h................
.....5#.#5.........<....
##...##.#.#####.#.###...
..>.. ..... #.#.# #..#
##.# #.#..####.#'###..#
... .............##..♣
.. #.#...#......##..♣
#..........##..♣


You could see Natasha and 2 cerulean imps.

Vanquished Creatures
  Natasha (twice) (D:2)
  2 adders (D:2)
  2 dart slugs (D:2)
  3 ball pythons (D:1)
  2 bats
  2 endoplasms
  8 giant cockroaches
  6 goblins
  4 hobgoblins (D:1)
  2 jackals (D:2)
  A quokka (D:1)
  A frilled lizard (D:2)
  2 kobolds (D:1)
  A rat (D:2)
38 creatures vanquished.

Vanquished Creatures (collateral kills)
  A worm (D:2)
1 creature vanquished.

Grand Total: 39 creatures vanquished

Notes
Turn   | Place    | Note
-------+----------+-------------------------------------------
     0 | D:1      | pokeman the Deep Elf Hedge Wizard began the quest for the
                  | Orb.
     0 | D:1      | Reached XP level 1. HP: 10/10 MP: 7/7
   235 | D:1      | Reached XP level 2. HP: 16/16 MP: 3/9
   625 | D:1      | Reached skill level 5 in Spellcasting
   829 | D:1      | Reached XP level 3. HP: 20/20 MP: 8/11
   836 | D:1      | Learned a level 3 spell: Mephitic Cloud
   839 | D:1      | Learned a level 2 spell: Call Imp
   842 | D:1      | Learned a level 2 spell: Blink
  1418 | D:2      | Found a faded altar of an unknown god.
  1455 | D:2      | Noticed Natasha
  1465 | D:2      | Killed Natasha
  1466 | D:2      | Reached skill level 1 in Fighting
  1466 | D:2      | Reached skill level 1 in Armour
  1780 | D:2      | Reached XP level 4. HP: 25/25 MP: 4/13
  2147 | D:2      | Noticed Natasha
  2153 | D:2      | Killed Natasha
  2252 | D:2      | Noticed Natasha
  2262 | D:2      | Slain by a cerulean imp

Illustrated notes

Levels and vault maps discovered:
D:1:      spicycebolla_green_bress_n_ham, layout_basic,
          chequers_serial_rivers_large_a, minmay_worlds_worst_comb
D:2:      layout_basic, shapermc_ecumenical_altar_mp_urbaneastern, serial_bayou,
          serial_bayou_shore_b, serial_bayou_lagoon_a, serial_bayou_ford_a,
          serial_bayou_crossing, uniq_natasha

Skill      XL: |  1  2  3 |
---------------+----------+-----
Spellcasting   | 5 |  5.8
Fighting       | 1 |  1.0
Armour         | 1 |  1.0
Conjurations   | 2 |  2.4
Dodging        | |  2.7
Stealth        | |  2.8
Summonings     | |  1.1
Translocations | |  1.1

Action                     |  1- 3 |  4- 6 || total
---------------------------+-------+-------++-------
  Melee: Dagger            |    19 |       ||    19
   Cast: Magic Dart        |   101 |    32 ||   133
         Call Imp          |     1 |       ||     1
 Armour: Robe              |    19 |     9 ||    28
  Dodge: Dodged            |    20 |     5 ||    25

Table legend: (Time is in decaauts)
 A = Elapsed time spent in this place.
 B = Non-inter-level travel time spent in this place.
 C = Inter-level travel time spent in this place.
 D = Time resting spent in this place.
 E = Time spent auto-exploring this place.
 F = Levels seen in this place.
 G = Mean time per level.
                   A        B        C        D        E       F      G
               +--------+--------+--------+--------+--------+-----+--------+
         Total |   2285 |   2257 |     28 |      0 |   1954 |   2 | 1142.5 |
       Dungeon |   2285 |   2257 |     28 |      0 |   1954 |   2 | 1142.5 |
               +--------+--------+--------+--------+--------+-----+--------+

Top non-repeatable levels by time:
     D:1: 1320 daAuts
     D:2: 964 daAuts
